 Dungeon Crawl Stone Soup version 0.25-a0-869-g05d4e06a41 (webtiles) character file.

Game seed: 692920857704566802, levelgen mode: deterministic

773 Maedhros the Martial Artist (level 7, -1/46 HPs)
             Began as an Octopode Chaos Knight on May 1, 2020.
             Was a Plaything of Xom.
             Slain by an orc
             ... wielding a +0 hand axe
              (8 damage)
             ... on level 4 of the Dungeon.
             The game lasted 00:06:00 (3942 turns).

Maedhros the Martial Artist (Octopode Chaos Knight) Turns: 3942, Time: 00:06:00

Health: -1/46      AC:  1    Str: 11    XL:     7   Next: 83%
Magic:  7/7        EV: 14    Int: 14    God:    Xom [....*.]
Gold:   124        SH:  0    Dex: 14    Spells: 6/6 levels left

rFire    . . .     SeeInvis .     - Unarmed
rCold    . . .     Gourm    .   (no shield)
rNeg     . . .     Faith    .   (helmet restricted)
rPois    .         Spirit   .   (no amulet)
rElec    .         Reflect  .   (no ring)
rCorr    .         Harm     .   (no ring)
MR       .....                  (no ring)
Stlth    ++........             (no ring)
HPRegen  0.15/turn              (no ring)
MPRegen  0.10/turn              (no ring)
                                (no ring)
                                (no ring)

@: no status effects
A: almost no armour, stealthy swim, amphibious, 8 rings, constrict 8, camouflage
1, gelatinous body 1
a: Renounce Religion


You were on level 4 of the Dungeon.
You worshipped Xom.
You were a beloved toy of Xom.
You were not hungry.

You visited 1 branch of the dungeon, and saw 6 of its levels.

You collected 124 gold pieces.

Inventory:

Scrolls
 b - 2 scrolls of enchant weapon
 e - a scroll of identify
 g - 4 scrolls of amnesia {unknown}
 h - 2 scrolls of remove curse {unknown}
 i - a scroll of immolation {unknown}
Potions
 c - 2 potions of brilliance
 f - a potion of haste
Comestibles
 a - 5 rations


   Skills:
 - Level 3.0 Fighting
 - Level 2.3 Dodging
 + Level 9.0 Unarmed Combat


You had 6 spell levels left.
You didn't know any spells.
Your spell library was empty.

Dungeon Overview and Level Annotations

Branches:
Dungeon (6/15)             Temple (0/1) D:5

Altars:
Dithmenos
Elyvilon
Hepliaklqana
Nemelex Xobeh
Trog

Annotations:
D:5 1 runed translucent door, exclusion: door, voshxx's ghost, novice OgFE


Innate Abilities, Weirdness & Mutations

You cannot wear most types of armour.
You are very stealthy in the water. (Stealth+)
You are amphibious.
You can wear up to eight rings at the same time.
You can use your tentacles to constrict eight enemies at once.
Your skin changes colour to match your surroundings (Stealth+).
Your rubbery body absorbs attacks. (AC +1, EV +1)


Message History

You grab the orc priest.
The orc priest is heavily wounded.
You constrict the orc priest. The orc priest hits you.
You tentacle-slap the orc priest.
The orc priest is almost dead.
You constrict the orc priest.
You kill the orc priest!
Your Unarmed Combat skill increases to level 9!
The orc priest begins to cast a cantrip, but forgets the words!
The orc closely misses you.
You closely miss the orc. Your grab misses the orc. You bludgeon the orc!
You kill the orc!
The orc hits you with a +0 hand axe.
The orc priest invokes the aid of Beogh against you.
Beogh smites you!
The orc priest hits you from afar with a +0 trident!
* * * LOW HITPOINT WARNING * * *
The orc hits you with a +0 hand axe!
You die...

#.................#....#......
#.................#....#......
#.................#....#......
#.................#...##......
#.............#####..o#.......
#.............#.......#.......
#.............#.......'.......
#............o#.......#.......
#............@'.......#.......
######........#o.##'###.......
#......###..##...##.....^
#......#..........#......
#......#..........#......
#......#..........#......
#......#....##....#[....<
###'######'###....#......
#......>.....#....#......


You could see an orc priest and an orc.

Vanquished Creatures
  A phantom (D:4)
  4 big kobolds (D:5)
  A scorpion (D:4)
  A jelly (D:5)
  An orc priest (D:4)
  A hound (D:5)
  An orc wizard (D:3)
  A centaur skeleton (D:4)
  3 worker ants (D:5)
  An adder (D:5)
  2 oozes (D:5)
  An adder zombie (D:5)
  A worm (D:4)
  A dart slug (D:1)
  A leopard gecko (D:5)
  12 orcs
  A ball python (D:3)
  3 giant cockroaches
  5 goblins
  4 hobgoblins
  4 jackals (D:2)
  8 kobolds
  A quokka (D:5)
  4 bats
  A frilled lizard (D:4)
  A leopard gecko skeleton (D:5)
  A quokka skeleton (D:4)
  2 rats (D:3)
68 creatures vanquished.

Vanquished Creatures (collateral kills)
  A big kobold (D:5)
1 creature vanquished.

Vanquished Creatures (others)
  7 fungi (D:5)
  10 toadstools (D:5)
17 creatures vanquished.

Grand Total: 86 creatures vanquished

Notes
Turn   | Place    | Note
-------+----------+-------------------------------------------
     0 | D:1      | Maedhros the Octopode Chaos Knight began the quest for the
                  | Orb.
     0 | D:1      | Reached XP level 1. HP: 16/16 MP: 1/1
    60 | D:1      | Reached XP level 2. HP: 11/21 MP: 2/2
   354 | D:1      | XOM: silly message
   381 | D:1      | XOM: silly message
   521 | D:2      | XOM: smoke on damage
   530 | D:2      | Reached skill level 4 in Unarmed Combat
   832 | D:3      | Found a bloodstained altar of Trog.
   835 | D:3      | Found a sparkling altar of Nemelex Xobeh.
   838 | D:3      | Found a hazy altar of Hepliaklqana.
   890 | D:3      | Reached XP level 3. HP: 26/26 MP: 3/3
   899 | D:3      | XOM: butterfly on damage
   904 | D:3      | HP: 1/26 [orc wizard/+0 dagger (4)]
   922 | D:3      | Reached XP level 4. HP: 27/31 MP: 4/4
  1099 | D:3      | XOM: 4-stop teleportation journey
  1159 | D:3      | Reached skill level 5 in Unarmed Combat
  1649 | D:3      | XOM: silly message
  1976 | D:4      | Reached XP level 5. HP: 17/36 MP: 5/5
  2000 | D:4      | XOM: stat loss: -1 Str (10/11)
  2369 | D:4      | Found a white marble altar of Elyvilon.
  2386 | D:4      | Noticed a phantom
  2397 | D:4      | Killed a phantom
  2397 | D:4      | Reached skill level 6 in Unarmed Combat
  2397 | D:4      | Reached XP level 6. HP: 42/42 MP: 6/6
  2525 | D:4      | XOM is BORED!
  2525 | D:4      | XOM: summons 4 hostile demons
  2541 | D:4      | XOM: summons 2 hostile shadow creatures
  2699 | D:3      | XOM: stat loss: -1 Str (10/11)
  2741 | D:4      | XOM: scenery: 1 doors close
  2854 | D:5      | Entered Level 5 of the Dungeon
  3037 | D:5      | Reached skill level 7 in Unarmed Combat
  3106 | D:5      | Found a runed translucent door.
  3114 | D:5      | Noticed voshxx's ghost (novice OgFE)
  3163 | D:5      | XOM: enchant monster (good)
  3169 | D:5      | XOM: summons 2 friendly demons
  3173 | D:5      | Reached XP level 7. HP: 10/46 MP: 7/7
  3175 | D:5      | XOM: summons friendly iron imp
  3176 | D:5      | Reached skill level 8 in Unarmed Combat
  3329 | D:5      | XOM: polymorph iron imp -> quasit
  3499 | D:5      | Noticed a slime creature
  3643 | D:5      | Found a staircase to the Ecumenical Temple.
  3695 | D:5      | Found a shadowy altar of Dithmenos.
  3737 | D:5      | XOM: potion effect (heal wounds)
  3938 | D:4      | Reached skill level 9 in Unarmed Combat
  3942 | D:4      | Slain by an orc

Levels and vault maps discovered:
D:1:      kennysheep_arrival_seaside, layout_basic
D:2:      layout_rooms
D:3:      layout_basic, grunt_temple_overflow_diamond, nrook_mini_vaults
D:4:      layout_gridville, elyvilon_altar_3
D:5:      cheibrodos_fertilizer, layout_cave_pools,
          nicolae_overflow_crystal_walls, minmay_temple_entry_large_hall,
          ebering_ghost_sewer_f, first_ration, serial_park_tiny_2,
          grunt_gozag_breadcrumbs
D:6:      nicolae_whirlpool, layout_loops_ring, evilmike_ruin_ashenzari,
          gammafunk_ghost_gnarly_gnolls, serial_shops, nicolae_shop_crystal,
          fountainhead, kb_rosetta

Skill      XL: |  1  2  3  4  5  6  7 |
---------------+----------------------+-----
Unarmed Combat | 4 5 6 7 9 |  9.0
Fighting       | |  3.0
Dodging        | |  2.3

Action                   |  1- 3 |  4- 6 |  7- 9 || total
-------------------------+-------+-------+-------++-------
Melee: Unarmed           |    64 |    99 |    37 ||   200
       Constrict         |    19 |    25 |     6 ||    50
       Tentacles         |    10 |    20 |     9 ||    39
       Punch             |     2 |     6 |     3 ||    11
Evoke: Wand              |       |     7 |     1 ||     8
  Use: Potion            |     2 |     3 |       ||     5
       Scroll            |       |     3 |       ||     3
 Stab: Sleeping          |       |     4 |       ||     4
       Paralysed         |       |     5 |       ||     5
       Distracted        |       |       |     1 ||     1
  Eat: Chunk             |       |     7 |       ||     7
       Ration            |       |       |     1 ||     1
Armor: Skin              |    11 |     8 |     1 ||    20
Dodge: Dodged            |    53 |    67 |    16 ||   136

Table legend:
 A = Non-vault XP
 B = Vault XP
 C = Vault XP percentage of total XP
 D = Non-vault monster count
 E = Vault monster count
 F = Vault count percentage of total count
                 A         B        C        D         E       F
            +---------+---------+-------+---------+---------+-------
      Total |     595 |     510 |  46.2 |      61 |       8 |  11.6
            +---------+---------+-------+---------+---------+-------
        D:1 |      17 |       0 |   0.0 |      10 |       0 |   0.0
        D:2 |      15 |       0 |   0.0 |       8 |       0 |   0.0
        D:3 |      84 |       0 |   0.0 |      20 |       0 |   0.0
        D:4 |     296 |       0 |   0.0 |      10 |       0 |   0.0
        D:5 |     180 |     510 |  73.9 |      12 |       8 |  40.0
        D:6 |       3 |       0 |   0.0 |       1 |       0 |   0.0
            +---------+---------+-------+---------+---------+-------
